Map: Pylon LE

Players

llllllllllll - Winner!

  • Race: Protoss Protoss
  • League: Grandmaster
  • Spawn Location: 5:00

MoonDeer

  • Race: Zerg Zerg
  • League: Grandmaster
  • Spawn Location: 11:00

VOD

Have the link to the VOD?

Description

Time

  • Played on: June 9, 2025, 10:18 a.m.
  • Length: 9:09
Show
View Real Time Build Order
Export as new Build Order

llllllllllll Protoss - Winner!

Build Orders: 1 Gate Expand, Oracle Opening, Archon Immortal, Archon Drop 

Get SALT Encoding   

  12  0:00  Probe  
  13  0:12  Probe  
  14  0:20  Pylon  
  14  0:24  Probe  
  15  0:34  Probe  
  15  0:40  Gateway  
  15  0:42  Probe  
  16  0:47  Assimilator  
  17  0:52  Probe  
  18  1:04  Probe  
  19  1:17  Probe  
  20  1:24  Nexus  
  20  1:33  Cybernetics Core  
  20  1:36  Probe  
  21  1:46  Assimilator  
  21  1:48  Probe  
  21  1:52  Pylon  
  22  2:00  Adept, Probe  
  23  2:12  Probe  
  26  2:18  Stargate  
  26  2:24  Probe  
  26  2:27  Warp Gate  
  27  2:30  Adept  
  27  2:32  Probe  
  27  2:37  Probe  
  31  2:40  Probe  
  31  2:49  Probe  
  31  2:50  Probe  
  33  2:52  Oracle  
  34  3:01  Probe  
  34  3:05  Probe  
  39  3:13  Probe  
  39  3:17  Probe  
  41  3:25  Probe  
  41  3:26  Nexus  
  42  3:27  Pylon  
  42  3:35  Probe  
  42  3:37  Probe  
  42  3:40  Robotics Facility  
  44  3:46  Assimilator  
  44  3:47  Probe  
  44  3:48  Assimilator  
  45  3:49  Probe  
  46  3:59  Probe  
  46  4:01  Twilight Council, Probe  
  46  4:02  Pylon  
  46  4:06  Pylon  
  46  4:17  Pylon  
  46  4:20  Probe x2  
  46  4:21  Adept  
  50  4:27  Warp Prism  
  52  4:31  Gateway  
  52  4:32  Probe x2  
  52  4:37  Gateway  
  54  4:42  Gateway  
  54  4:44  Probe  
  55  4:46  Probe  
  55  4:47  Probe  
  57  4:56  Probe  
  57  4:58  Probe  
  57  4:59  Templar Archives, Probe  
  60  5:08  Probe  
  60  5:10  Probe  
  60  5:12  Probe  
  60  5:13  Pylon  
  63  5:17  Forge  
  63  5:19  Probe  
  63  5:20  Probe  
  64  5:21  Probe  
  64  5:24  Pylon, Observer  
  64  5:27  Probe  
  67  5:28  Probe  
  67  5:29  Probe  
  67  5:30  Immortal  
  67  5:34  High Templar x3  
  67  5:35  Probe  
  76  5:36  High Templar  
  76  5:37  Probe  
  76  5:38  Probe  
  76  5:39  Archon  
  76  5:40  Archon  
  81  5:43  Pylon  
  81  5:46  Probe  
  81  5:48  Assimilator, Shield Battery, Probe  
  81  5:49  Assimilator  
  87  5:54  Probe  
  87  5:56  Protoss Ground Weapons Level 1  
  88  5:58  Charge  
  88  5:59  Probe  
  89  6:07  Immortal  
  93  6:21  Psionic Storm  
  93  6:27  Pylon  
  93  6:28  Pylon  
  93  6:35  Immortal  
  93  6:36  Gateway  
  93  6:38  Gateway, Robotics Facility  
  93  6:42  Gateway  
  93  6:43  Gateway  
  93  6:58  High Templar x2  
  97  7:01  Immortal  
  97  7:02  Pylon  
  97  7:04  Zealot x2  
  101  7:08  Gateway  
  101  7:10  Gateway  
  101  7:13  Photon Cannon  
  101  7:15  Photon Cannon x2  
  105  7:16  Immortal  
  105  7:21  Pylon  
  109  7:30  High Templar x2, Immortal  
  109  7:31  Zealot x3  
  119  7:40  Probe  
  123  7:44  Sentry x2  
  123  7:45  Zealot  
  123  7:46  Immortal  
  129  7:53  Nexus  
  129  7:54  Pylon  
  129  7:56  Zealot x3  
  139  8:06  Zealot  
  139  8:07  Pylon  
  139  8:11  Immortal  
  145  8:13  Pylon  
  145  8:16  Zealot x2, Pylon  
  149  8:29  Zealot x3  
  149  8:30  Zealot  
  153  8:46  Zealot x3  
  153  8:47  Zealot x3  
  142  8:53  Zealot x4  
  142  8:54  Probe  
Show
View Real Time Build Order
Export as new Build Order

MoonDeer Zerg 

Build Orders: Hatch First, Lurkers 

Get SALT Encoding   

  12  0:00  Drone  
  13  0:12  Overlord  
  13  0:18  Drone  
  14  0:30  Drone  
  14  0:31  Drone  
  16  0:46  Hatchery  
  16  0:50  Drone  
  16  0:53  Drone  
  16  0:57  Drone  
  18  1:07  Extractor  
  17  1:12  Spawning Pool  
  17  1:14  Drone  
  17  1:18  Drone  
  18  1:29  Drone  
  19  1:47  Drone  
  20  1:56  Overlord  
  20  2:00  Queen x2  
  24  2:01  Zergling x2  
  24  2:02  Drone  
  26  2:09  Drone  
  26  2:12  Drone  
  28  2:19  Metabolic Boost  
  28  2:21  Drone  
  28  2:22  Drone  
  30  2:30  Drone  
  30  2:33  Drone  
  32  2:42  Hatchery  
  31  2:45  Drone  
  31  2:47  Overlord  
  32  2:54  Queen  
  32  2:57  Drone  
  35  3:00  Drone  
  35  3:05  Overlord  
  35  3:08  Zergling x6  
  35  3:11  Zergling x2  
  39  3:13  Drone  
  39  3:14  Drone  
  39  3:16  Drone  
  39  3:18  Drone  
  43  3:25  Drone  
  44  3:27  Queen  
  44  3:28  Drone  
  44  3:32  Drone  
  48  3:39  Spore Crawler  
  48  3:40  Drone  
  48  3:43  Queen  
  48  3:46  Overlord  
  48  3:48  Drone  
  51  3:50  Spore Crawler  
  50  3:56  Drone  
  50  3:58  Drone x2  
  50  3:59  Overlord  
  50  4:01  Drone x2  
  54  4:05  Drone  
  54  4:06  Overlord  
  54  4:08  Drone  
  54  4:09  Drone  
  57  4:13  Overlord  
  57  4:16  Drone x2  
  59  4:23  Overlord  
  59  4:25  Lair  
  59  4:26  Drone  
  59  4:27  Drone  
  61  4:31  Drone  
  61  4:34  Overlord  
  61  4:38  Drone x3  
  65  4:39  Extractor  
  65  4:40  Drone x2  
  65  4:42  Roach Warren, Drone  
  65  4:44  Drone  
  65  4:45  Drone  
  68  4:46  Drone  
  68  4:47  Drone  
  68  4:48  Drone  
  68  4:49  Drone  
  72  4:55  Overlord  
  72  4:59  Drone x2  
  74  5:01  Evolution Chamber  
  74  5:02  Zergling x2  
  74  5:09  Drone x3  
  74  5:10  Extractor, Zergling x10  
  74  5:11  Extractor  
  80  5:14  Overlord  
  80  5:15  Drone x3  
  83  5:23  Hatchery, Infestation Pit  
  83  5:25  Drone x2  
  83  5:27  Extractor, Drone  
  83  5:28  Extractor  
  83  5:32  Zerg Missile Weapons Level 1  
  83  5:34  Drone x2  
  84  5:37  Queen, Drone x2  
  84  5:40  Drone x2  
  84  5:41  Drone  
  84  5:42  Drone  
  92  5:44  Hydralisk Den  
  91  5:50  Drone x7  
  91  5:55  Glial Reconstitution  
  98  6:00  Roach x2  
  98  6:02  Hive  
  102  6:06  Roach x2  
  102  6:07  Roach x2  
  109  6:13  Roach x3  
  113  6:18  Overlord  
  113  6:22  Drone x2  
  113  6:23  Overlord  
  113  6:24  Overlord x2  
  113  6:26  Overlord  
  113  6:31  Overlord  
  113  6:33  Overlord  
  113  6:39  Drone  
  114  6:40  Lurker Den, Drone  
  114  6:41  Muscular Augments  
  112  6:47  Drone x7  
  112  6:52  Drone x6  
  119  6:56  Extractor, Drone x2  
  119  6:58  Extractor  
  115  7:02  Drone x3  
  115  7:03  Overlord  
  115  7:06  Drone  
  115  7:07  Drone x2  
  115  7:08  Overlord, Drone  
  121  7:10  Overlord  
  121  7:11  Overlord  
  121  7:14  Hydralisk  
  124  7:20  Hydralisk x5  
  134  7:27  Hydralisk x4  
  134  7:29  Overlord  
  142  7:31  Hydralisk  
  144  7:37  Seismic Spines  
  144  7:40  Hydralisk x2  
  148  7:45  Grooved Spines, Hydralisk x3  
  148  7:48  Lurker  
  154  7:56  Drone  
  154  7:58  Evolution Chamber  
  154  7:59  Hatchery  
  154  8:05  Hydralisk x6  
  153  8:12  Lurker x2  
  167  8:14  Hydralisk  
  168  8:21  Zergling x2  
  168  8:22  Zergling x22  
  168  8:24  Overlord  
  179  8:30  Lurker x3  
  179  8:32  Drone  
  179  8:33  Drone x2  
  185  8:36  Spine Crawler  
  185  8:37  Spine Crawler  
  185  8:39  Zergling x22  
Tags
 
Add a new tag
Caveats
  • Supply blocks, unpowered buildings, or Contaminate may cause inaccurate times.
  • Supply counts are checked every 10 seconds.